 Dungeon Crawl Stone Soup version 0.30-a0-118-ga018f8e90f (webtiles) character file.

Game seed: 9532990696190001039

368 blackman the Chopper (level 7, 0/52 HPs)
             Began as a Formicid Fighter on Sept 13, 2022.
             Slain by a lemure (2 damage)
             ... led by Pikel
             ... on level 3 of the Dungeon.
             The game lasted 00:11:57 (3656 turns).

blackman the Chopper (Formicid Fighter)             Turns: 3656, Time: 00:11:57

Health: 0/52       AC:  8    Str: 22    XL:     7   Next: 1%
Magic:  7/7        EV:  9    Int:  8    God:
Gold:   146        SH:  5    Dex: 13    Spells: 6/6 levels left

rFire   . . .      SeeInvis +    a - +0 war axe
rCold   . . .      Faith    .    c - +0 buckler
rNeg    . . .      Spirit   .    b - +0 scale mail
rPois   .          Reflect  .    (helmet unavailable)
rElec   .          Harm     .    (no cloak)
rCorr   .          Rampage  .    n - +0 pair of gloves
Will    .....                    (no boots)
Stlth   ..........               (no amulet)
HPRegen 0.17/turn                (no ring)
MPRegen 0.10/turn                (no ring)

@: no status effects
A: permanent stasis, dig shafts and tunnels, antennae 3, four strong arms
a: Dig, Shaft Self


You were on level 3 of the Dungeon.
You visited 1 branch of the dungeon, and saw 4 of its levels.

You collected 146 gold pieces.

Inventory:

Hand Weapons
 a - a +0 war axe (weapon)
Missiles
 f - 13 poisoned darts
Armour
 b - a +0 scale mail (worn)
 c - a +0 buckler (worn)
 n - a +0 pair of gloves (worn)
Scrolls
 g - a scroll of magic mapping {unknown}
 h - a scroll of noise {unknown}
 i - a scroll of summoning {unknown}
 j - a scroll of teleportation {unknown}
 k - 2 scrolls of fog {unknown}
 q - a scroll of identify {unknown}
 r - a scroll of torment {unknown}
Potions
 l - a potion of attraction {unknown}
 m - a potion of haste {unknown}
 o - 2 potions of cancellation {unknown}
 p - 2 potions of lignification {unknown}
 s - a potion of degeneration {unknown}


   Skills:
 - Level 3.2 Fighting
 + Level 6.9 Axes
 - Level 3.2 Armour
 - Level 4.0 Shields


You had 6 spell levels left.
You didn't know any spells.
Your spell library contained the following spells:

 Spells                   Type           Power      Damage    Failure   Level
 Summon Small Mammal      Summ           0%         N/A       80%         1
 Call Canine Familiar     Summ           0%         N/A       99%         3
 Summon Guardian Golem    Hex/Summ       0%         N/A       99%         3


Dungeon Overview and Level Annotations

Branches:
Dungeon (4/15)
 Temple: D:4-7

Altars:
Nemelex Xobeh

Shops:
D:1 !

Annotations:
D:4 Pikel


Innate Abilities, Weirdness & Mutations

You cannot be hasted, slowed, berserked, paralysed or teleported.
You can dig through walls and to a lower floor.
You have a pair of large antennae on your head. (SInv)
Your four strong arms can wield two-handed weapons with a shield.


Message History

The orc hits you but does no damage. The orc hits you with a +0 falchion.
The lemure hits you. x2; The orc hits you with a +0 mace.
The orc hits you but does no damage. The orc hits you with a +0 mace.
The lemure hits you but does no damage. The orc hits you but does no damage.
The lemure hits you.
There is a stone staircase leading up here.
The lemure barely misses you. The orc hits you but does no damage.
The lemure hits you. The orc hits you with a +0 mace.
The orc hits you but does no damage.
You climb upwards.
There is a stone staircase leading down, spattered with blood here.
You slash the orc!
You kill the orc!
You closely miss the orc. The orc closely misses you.
You have reached level 7!
You hit the lemure but do no damage. You slash the orc!
You kill the orc!
You block the lemure's attack.
You slash the lemure!
The lemure is heavily wounded.
You slash the orc!
You kill the orc!
The lemure hits you!
You closely miss the lemure.
The lemure is heavily wounded.
You barely miss the lemure. The lemure hits you!
* * * LOW HITPOINT WARNING * * *
The lemure hits you.
* * * LOW HITPOINT WARNING * * *
You closely miss the lemure.
The lemure is heavily wounded.
You hit the lemure. The lemure hits you.
* * * LOW HITPOINT WARNING * * *
The lemure hits you.
* * * LOW HITPOINT WARNING * * *
You hit the lemure.
The lemure is heavily wounded.
You closely miss the lemure. You block the lemure's attack.
The lemure hits you but does no damage. The lemure hits you.
You die...

)....# #.# ..####
#.# ..# #.# ..###
#.# ....# #.#######
....## #.......#
.....# #.......#
..##.###..###..#####
..##......# #..5@5.#
..####....###..###.#
..# ##........# #.#
#.# ##..####.# #>#
###
#.......###.#####
#.#######.......#
##'## #.#.###.#
##...## #.#...#.#
##.....## #.###.#.#


You could see 2 lemures.

Vanquished Creatures
  Grinder (D:3)
  2 lemures (D:3)
  A necrophage (D:3)
  3 gnolls (D:3)
  A worm (D:2)
  2 dart slugs
  6 orcs (D:3)
  3 ball pythons (D:2)
  4 bats
  2 endoplasms
  5 giant cockroaches
  4 goblins
  4 hobgoblins
  3 jackals (D:3)
  7 frilled lizards
  4 kobolds
  4 rats
56 creatures vanquished.

Notes
Turn   | Place    | Note
-------+----------+-------------------------------------------
     0 | D:1      | blackman the Formicid Fighter began the quest for the Orb.
     0 | D:1      | Reached XP level 1. HP: 18/18 MP: 1/1
    16 | D:1      | Found Dedd's Distillery.
   119 | D:1      | Reached XP level 2. HP: 3/24 MP: 2/2
   718 | D:1      | Reached skill level 3 in Axes
  1181 | D:2      | Reached XP level 3. HP: 26/29 MP: 3/3
  2110 | D:3      | Reached skill level 4 in Axes
  2110 | D:3      | Reached XP level 4. HP: 32/35 MP: 4/4
  2179 | D:3      | Found a faded altar of an unknown god.
  2297 | D:3      | Noticed a necrophage
  2314 | D:3      | Killed a necrophage
  2315 | D:3      | Reached skill level 5 in Axes
  2315 | D:3      | Reached XP level 5. HP: 35/41 MP: 5/5
  2361 | D:3      | Found a sparkling altar of Nemelex Xobeh.
  2552 | D:3      | Noticed Grinder
  2566 | D:3      | Killed Grinder
  2567 | D:3      | Reached skill level 6 in Axes
  2567 | D:3      | Reached XP level 6. HP: 17/47 MP: 6/6
  3225 | D:4      | Noticed Pikel
  3652 | D:3      | Reached XP level 7. HP: 30/52 MP: 7/7
  3655 | D:3      | HP: 2/52 [lemure[Pikel] (5)]
  3656 | D:3      | Slain by a lemure

Illustrated notes

Levels and vault maps discovered:
D:1:      saegor_arrival_simple_d, layout_rooms, serial_shops,
          nicolae_diamond_shop
D:2:      layout_loops_ring
D:3:      cheibrodos_helix_gallery, layout_loops_corners,
          mainiacjoe_overflow_paths, ebering_ecumenical_altar_petrified,
          uniq_grinder
D:4:      layout_cave_pools, mainiacjoe_overflow_surrounded_room,
          nicolae_ru_awakened_eye, minmay_misc_feat_plants, minivault_5,
          minmay_vboxes, uniq_pikel, uniq_edmund

Skill      XL: |  1  2  3  4  5 |
---------------+----------------+-----
Axes           | 3 4 5 6 |  6.9
Fighting       | |  3.2
Armour         | |  3.2
Shields        | |  4.0

Action                   |  1- 3 |  4- 6 |  7- 9 || total
-------------------------+-------+-------+-------++-------
Melee: War axe           |   120 |    60 |     5 ||   185
Throw: Throwing net      |       |     1 |       ||     1
 Abil: Dig               |       |     1 |       ||     1
  Use: Potion            |       |     2 |       ||     2
Armor: Scale mail        |    61 |    28 |     1 ||    90
Dodge: Dodged            |    58 |    32 |       ||    90
Block: Buckler           |    27 |    15 |     2 ||    44

Table legend: (Time is in decaauts)
 A = Elapsed time spent in this place.
 B = Non-inter-level travel time spent in this place.
 C = Inter-level travel time spent in this place.
 D = Time resting spent in this place.
 E = Time spent auto-exploring this place.
 F = Levels seen in this place.
 G = Mean time per level.
                   A        B        C        D        E       F      G
               +--------+--------+--------+--------+--------+-----+--------+
         Total |   3718 |   3593 |    125 |   1034 |   2088 |   4 |  929.5 |
       Dungeon |   3718 |   3593 |    125 |   1034 |   2088 |   4 |  929.5 |
               +--------+--------+--------+--------+--------+-----+--------+

Top non-repeatable levels by time:
     D:3: 1700 daAuts
     D:1: 1019 daAuts
     D:2: 979 daAuts
     D:4: 18 daAuts
